 Dungeon Crawl Stone Soup version 0.29-a0-962-gc8bbfd0a37 (webtiles) character file.

Game seed: 5252285180071311775

4473 nicolae the Transmogrifier (level 10, -4/97 HPs)
             Began as a Green Draconian Transmuter on July 30, 2022.
             Was an Initiate of Gozag.
             Killed from afar by an electric eel (8 damage)
             ... with a bolt of electricity
             ... on level 10 of the Dungeon.
             The game lasted 00:31:11 (12134 turns).

nicolae the Transmogrifier (DrTm)                  Turns: 12134, Time: 00:31:11

Health: -4/97      AC:  8    Str: 12    XL:     10   Next: 15%
Magic:  13/13      EV: 11    Int: 17    God:    Gozag
Gold:   669        SH:  0    Dex: 13    Spells: 3/13 levels left

rFire   . . .      SeeInvis .     - Unarmed
rCold   + + +      Faith    .   (shield currently unavailable)
rNeg    . . .      Spirit   .   (body armour unavailable)
rPois   +          Reflect  .   (helmet currently unavailable)
rElec   .          Harm     .   (cloak currently unavailable)
rCorr   .          Rampage  .   (gloves currently unavailable)
Will    +....                   (boots currently unavailable)
Stlth   +.........              h - amulet of magic regeneration
HPRegen 0.26/turn               j - ring of protection from fire
MPRegen 0.53/turn               L - ring of willpower

@: ice-form, gold aura
A: freezing attack, amphibious, boosted hp, (breathe noxious fumes), AC +7,
large, unfitting armour, (poison resistance), (cold-blooded)
a: End Transformation, Renounce Religion, Potion Petition, Call Merchant, Bribe
Branch


You were on level 10 of the Dungeon.
You worshipped Gozag.
Gozag was pleased with you.
You were a creature of crystalline ice.
You visited 2 branches of the dungeon, and saw 10 of its levels.
You also visited: Sewer and Ossuary.

You collected 935 gold pieces.
You spent 160 gold pieces at shops.
You paid 106 gold pieces to Gozag.

Inventory:

Missiles
 c - 32 poisoned darts
 n - a boomerang
 A - 2 curare-tipped darts
Armour
 q - a +0 cloak (melded)
 w - a +0 pair of gloves (melded)
 C - a scarf of repulsion
 F - a +2 hat (melded)
Magical Staves
 H - a staff of air
Jewellery
 h - an amulet of magic regeneration (around neck)
 j - a ring of protection from fire (left front paw)
 I - a ring of flight
 L - a ring of willpower (right front paw)
Wands
 B - a wand of paralysis (5)
Scrolls
 b - 2 scrolls of enchant weapon {unknown}
 e - a scroll of brand weapon {unknown}
 f - 2 scrolls of poison
 g - 6 scrolls of teleportation
 r - a scroll of immolation {unknown}
 s - a scroll of amnesia
 t - a scroll of butterflies {unknown}
 u - a scroll of summoning
 v - a scroll of noise {unknown}
 x - 3 scrolls of magic mapping
 y - a scroll of silence
Potions
 a - 4 potions of lignification
 d - 3 potions of mutation
 i - 3 potions of haste
 k - 2 potions of might
 l - 3 potions of curing
 m - 2 potions of flight
 o - 4 potions of attraction
 p - 3 potions of brilliance
 z - 3 potions of cancellation
 D - a potion of magic {unknown}
 E - a potion of ambrosia {unknown}
 G - a potion of invisibility
 J - 2 potions of resistance
Miscellaneous
 K - a box of beasts


   Skills:
 - Level 5.0 Fighting
 - Level 5.0 Dodging
 - Level 5.5 Unarmed Combat
 - Level 2.0 Spellcasting
 - Level 8.6 Transmutations
 + Level 7.4 Ice Magic
 - Level 6.0 Poison Magic


You had 3 spell levels left.
You knew the following spells:

 Your Spells              Type           Power      Damage    Failure   Level
a - Beastly Appendage     Tmut           60%        N/A       1%          1
b - Wereblood             Tmut           30%        N/A       1%          2
c - Spider Form           Tmut/Pois      26%        N/A       3%          3
d - Ice Form              Ice/Tmut       28%        N/A       7%          4

Your spell library contained the following spells:

 Spells                   Type           Power      Damage    Failure   Level
 Necrotise                Necr           4%         1d4       19%         1
 Static Discharge         Conj/Air       1%         3-4/arc   28%         2
 Stone Arrow              Conj/Erth      2%         3d7       50%         3
 Vampiric Draining        Necr           1%         2d6       50%         3
 Agony                    Necr           1%         N/A       99%         5
 Lightning Bolt           Conj/Air       0%         1d11      99%         5
 Lehudib's Crystal Spear  Conj/Erth      0%         10d2      100%        8
 Maxwell's Capacitive Co  Air            0%         ∞         100%        8
 Animate Armour           Summ/Erth      Unusable   N/A       N/A         4

Dungeon Overview and Level Annotations

Branches:
Dungeon (8/15)             Temple (1/1) D:5            Lair (0/5) D:10
  Sewer (visited)         Ossuary (visited)

Altars:
Ashenzari
Cheibriados
Elyvilon
Gozag
Hepliaklqana
Kikubaaqudgha
Makhleb
Nemelex Xobeh
Okawaru
Qazlal
Ru
Sif Muna
Trog
Uskayaw
Vehumet
Wu Jian
Xom
Yredelemnul
Zin
The Shining One

Shops:
D:4 [   D:10 *


Innate Abilities, Weirdness & Mutations

You are a creature of crystalline ice.
You have a powerful freezing melee attack.
You are amphibious.
Your maximum health is increased.
Your armour is entirely melded.
You are incapable of wielding weapons or throwing items.
((You can breathe blasts of noxious fumes.))
((Your lurid green scales are hard. (AC +7)))
You cannot fit into any form of body armour.
((Your system is resistant to poisons. (rPois)))
((You are cold-blooded and may be slowed by cold attacks.))


Message History

The wolf misses you.
You punch the wolf! You freeze the wolf.
You kill the wolf!
You now have 669 gold pieces (gained 8).
Found a quarterstaff.
You see here a scroll of identify.
Found a staircase to the Lair.
The electric eel shoots out a bolt of lightning at you!
The bolt of electricity hits you.
An electric eel comes into view.
The electric eel shoots out a bolt of lightning at you!
The bolt of electricity hits you!
The electric eel shoots out a bolt of lightning at you!
The bolt of electricity hits you.
The electric eel is distracted by your dazzling golden aura.
The electric eel shoots out a bolt of lightning at you!
The bolt of electricity hits you!
You hit the electric eel.
The electric eel seems to slow down.
You freeze the electric eel.
The electric eel is heavily wounded.
The electric eel is no longer distracted by gold.
You barely miss the electric eel.
The electric eel is heavily wounded.
The electric eel is no longer moving slowly.
The electric eel shoots out a bolt of lightning at you!
The bolt of electricity hits you!
* * * LOW HITPOINT WARNING * * *
The electric eel shoots out a bolt of lightning at you!
The bolt of electricity hits you!
* * * LOW HITPOINT WARNING * * *
You punch the electric eel! You freeze the electric eel.
You kill the electric eel!
You hear a splash.
The electric eel shoots out a bolt of lightning at you!
The bolt of electricity hits you!
* * * LOW HITPOINT WARNING * * *
The electric eel shoots out a bolt of lightning at you!
The bolt of electricity hits you!
You die...
Your body crumbles into a pile of gold.

#..........≈≈≈≈≈
#.........≈S≈≈≈≈
#..≈.≈).≈≈≈≈≈≈≈≈
#.....≈.≈≈≈≈≈≈≈≈
###...≈≈≈≈≈≈≈≈≈≈≈≈
....≈≈≈≈≈≈≈≈≈≈≈≈.
#..≈≈≈≈$≈≈.....≈
#............>..
#..≈≈≈Y≈≈.≈....≈
#....?≈≈≈≈...≈..
##..≈≈≈≈≈≈≈≈≈..≈≈ $
#....≈≈≈≈≈≈≈≈≈≈≈≈
#......≈≈..≈≈≈≈≈≈
#.....≈.........≈.. ..
##....................
#..############# #.#.#
##.###########
##...####


You could see an electric eel.

Vanquished Creatures
  A troll (D:10)
  Grinder (Sewer)
  Eustachio (D:4)
  2 wraiths
  2 steam dragons
  4 water moccasins
  An ice beast (D:6)
  A sky beast (D:6)
  3 wolves (D:10)
  2 centaurs
  An ogre (D:3)
  A phantom (D:7)
  3 kobold brigands
  2 necrophages
  4 scorpions
  A water moccasin skeleton (D:7)
  8 wights
  A spectral centaur (D:7)
  An electric eel (D:10)
  A howler monkey (D:6)
  5 centaur zombies (Ossuary)
  3 jellies
  A quasit (Sewer)
  3 hounds
  An orc priest (D:6)
  A centaur skeleton (D:7)
  A human zombie (Ossuary)
  5 iguanas
  3 orc wizards (D:6)
  A scorpion zombie (Ossuary)
  2 ogre zombies (Ossuary)
  A centaur simulacrum (D:7)
  11 adders
  A shadow imp (D:5)
  4 white imps
  8 ufetubi
  3 adder zombies (Ossuary)
  A worm (D:2)
  3 dart slugs
  16 orcs
  4 bats
  7 endoplasms
  9 giant cockroaches
  4 gnoll zombies (Ossuary)
  6 goblins
  6 hobgoblins
  10 jackals
  29 kobolds
  8 quokkas
  9 ball pythons
  4 frilled lizards
  4 hobgoblin zombies (Ossuary)
  2 orc zombies (Ossuary)
  5 rats
222 creatures vanquished.

Vanquished Creatures (others)
  2 endoplasms (Sewer)
  A giant cockroach zombie (Sewer)
  A kobold zombie (Sewer)
  20 withered plants (D:7)
24 creatures vanquished.

Grand Total: 246 creatures vanquished

Notes
Turn   | Place    | Note
-------+----------+-------------------------------------------
     0 | D:1      | nicolae the Draconian Transmuter began the quest for the
                  | Orb.
     0 | D:1      | Reached XP level 1. HP: 16/16 MP: 3/3
   418 | D:1      | Reached XP level 2. HP: 19/23 MP: 1/5
   421 | D:1      | Learned a level 2 spell: Wereblood
   619 | D:1      | Reached skill level 3 in Transmutations
  1207 | D:2      | Reached XP level 3. HP: 24/28 MP: 6/6
  1558 | D:2      | Reached skill level 4 in Transmutations
  2521 | D:2      | Reached XP level 4. HP: 15/32 MP: 7/7
  2821 | D:2      | Learned a level 3 spell: Spider Form
  3470 | D:3      | Noticed an ogre
  3510 | D:3      | Killed an ogre
  3511 | D:3      | Reached skill level 5 in Transmutations
  3511 | D:3      | Reached XP level 5. HP: 22/40 MP: 8/8
  4190 | D:4      | Found Plog's Armour Shoppe.
  4310 | D:4      | Reached XP level 6. HP: 47/47 MP: 9/9
  4354 | D:4      | Noticed Eustachio
  4774 | D:4      | Noticed a steam dragon
  4799 | D:4      | Killed a steam dragon
  4800 | D:4      | Reached skill level 5 in Poison Magic
  5205 | D:4      | Killed Eustachio
  5206 | D:4      | Reached skill level 6 in Transmutations
  5206 | D:4      | Your scales start taking on a lurid green colour.
  5206 | D:4      | Reached XP level 7. HP: 26/52 MP: 10/10
  5206 | D:4      | Gained mutation: Your system is resistant to poisons.
                  | (rPois) [Green Draconian growth]
  5799 | D:5      | Entered Level 5 of the Dungeon
  5809 | D:5      | Found a staircase to the Ecumenical Temple.
  5819 | D:5      | Found a sand-covered staircase.
  5828 | Ossuary  | Entered an ossuary
  5931 | Ossuary  | Reached skill level 7 in Transmutations
  6013 | Ossuary  | Noticed a wraith
  6023 | Ossuary  | Killed a wraith
  6024 | Ossuary  | Reached skill level 8 in Transmutations
  6024 | Ossuary  | Reached XP level 8. HP: 41/59 MP: 11/11
  6029 | Ossuary  | Learned a level 4 spell: Ice Form
  6032 | Ossuary  | Noticed a silent spectre
  6173 | D:5      | Found a glowing drain.
  6181 | D:5      | Reached skill level 1 in Ice Magic
  6198 | Sewer    | Entered a sewer
  6310 | Sewer    | Found a burning altar of Makhleb.
  6578 | Sewer    | Noticed Grinder
  6584 | Sewer    | Paralysed by Grinder for 3 turns
  6588 | Sewer    | Killed Grinder
  7055 | D:5      | Reached skill level 5 in Ice Magic
  8158 | Temple   | Entered the Ecumenical Temple
  8458 | Temple   | Became a worshipper of Gozag Ym Sagoz the Greedy
  8483 | D:4      | Bought a +2 hat for 160 gold pieces
  9017 | D:6      | Reached XP level 9. HP: 20/68 MP: 8/12
 10641 | D:7      | Found the +4 dagger "Morg" {pain, Will+ Int+5}
 10673 | D:7      | Reached skill level 5 in Unarmed Combat
 10947 | D:7      | Reached skill level 5 in Fighting
 11329 | D:8      | Reached skill level 5 in Dodging
 11555 | D:8      | You fall into a shaft and drop 2 floors!
 11555 | D:10     | Entered Level 10 of the Dungeon
 11564 | D:10     | Noticed a troll
 11594 | D:10     | Killed a troll
 11595 | D:10     | Reached XP level 10. HP: 68/81 MP: 13/13
 11623 | D:10     | Found a basalt altar of Yredelemnul.
 11706 | D:10     | Found Puega's Serpentskin Sales.
 12127 | D:10     | Found a staircase to the Lair.
 12133 | D:10     | HP: 4/97 [electric eel/bolt of electricity (10)]
 12134 | D:10     | Killed from afar by an electric eel

Illustrated notes

Levels and vault maps discovered:
D:1:      lemuel_arrival_lava_pool, layout_basic, hex_tiny,
          hangedman_glass_teeth
D:2:      layout_basic, chequers_mini_garden
D:3:      layout_basic, hangedman_decor_growths, minmay_misc_feat_secret_circle
D:4:      layout_basic, serial_shops, nicolae_stop_n_shop_2, uniq_eustachio
D:5:      layout_loops_ring, temple_statues, nicolae_ossuary_entry_monument,
          gup_sewer_entry_pipe, st_stairs_11
D:6:      layout_rooms
D:7:      layout_rooms, minmay_stone_trees_small, dilly_guarded_unrand_morg
D:8:      layout_cave_pools, grunt_temple_overflow_open,
          amcnicky_mini_rare_corridor_liquid, lemuel_flame_loot_1
D:10:     layout_roguey, mainiacjoe_overflow_catwalk, erik_lair_island,
          glass_columns_a, guppyfry_shop_venom
Temple:   compressed_dpeg_triangle_lava_temple

Skill      XL: |  1  2  3  4  5  6  7  8  9 10 |
---------------+-------------------------------+-----
Transmutations | 3 4 5 6 8 |  8.6
Poison Magic   | 2 3 6 |  6.0
Ice Magic      | 5 6 7 |  7.4
Dodging        | 2 5 |  5.0
Fighting       | 2 5 |  5.0
Unarmed Combat | 5 |  5.5
Spellcasting   | |  2.0

Action                   |  1- 3 |  4- 6 |  7- 9 | 10-12 || total
-------------------------+-------+-------+-------+-------++-------
Melee: Unarmed           |   150 |   159 |   532 |    47 ||   888
       Kick              |    27 |    41 |    79 |       ||   147
       Tailslap          |     8 |    24 |    40 |       ||    72
       Headbutt          |    13 |    21 |    45 |       ||    79
       Punch             |     4 |     2 |     7 |       ||    13
Throw: Dart              |       |     1 |       |       ||     1
 Cast: Beastly Appendage |    22 |    20 |    23 |       ||    65
       Wereblood         |       |     1 |     7 |       ||     8
       Ice Form          |       |       |    25 |     3 ||    28
       Spider Form       |       |       |     4 |       ||     4
  Use: Potion            |     1 |     2 |     5 |     1 ||     9
       Scroll            |       |     5 |    13 |       ||    18
 Stab: Sleeping          |       |       |     2 |       ||     2
Armor: Skin              |    42 |    95 |   273 |    15 ||   425
Dodge: Dodged            |    88 |   166 |   455 |    25 ||   734

Table legend: (Time is in decaauts)
 A = Elapsed time spent in this place.
 B = Non-inter-level travel time spent in this place.
 C = Inter-level travel time spent in this place.
 D = Time resting spent in this place.
 E = Time spent auto-exploring this place.
 F = Levels seen in this place.
 G = Mean time per level.
                   A        B        C        D        E       F      G
               +--------+--------+--------+--------+--------+-----+--------+
         Total |  12103 |  11784 |    319 |   3539 |   5505 |  12 | 1008.6 |
       Dungeon |  10920 |  10610 |    310 |   3511 |   5059 |   9 | 1213.3 |
        Temple |    310 |    301 |      9 |      0 |    275 |   1 |  310.0 |
         Sewer |    629 |    629 |      0 |     28 |    171 |   1 |  629.0 |
       Ossuary |    243 |    243 |      0 |      0 |      0 |   1 |  243.0 |
               +--------+--------+--------+--------+--------+-----+--------+

Top non-repeatable levels by time:
     D:2: 1787 daAuts
     D:4: 1695 daAuts
     D:1: 1592 daAuts
     D:5: 1528 daAuts
     D:6: 1467 daAuts
     D:3: 1123 daAuts
     D:7: 917 daAuts
   Sewer: 629 daAuts
    D:10: 577 daAuts
  Temple: 310 daAuts
 Ossuary: 243 daAuts
     D:8: 230 daAuts
